 Dungeon Crawl Stone Soup version 0.30-a0-279-g4b46babb21 (webtiles) character file.

Game seed: 16414090413909541439

3666 freelancePsychic the Stinger (level 10, 0/64 (67) HPs)
             Began as an Octopode Artificer on Oct 17, 2022.
             Was a Priest of Vehumet.
             Shot with an arrow by a centaur (10 damage)
             ... on level 8 of the Dungeon.
             The game lasted 00:19:46 (10094 turns).

freelancePsychic the Stinger (Octopode Artificer)  Turns: 10094, Time: 00:19:46

HP:   0/64 (67)     AC:  1    Str: 12    XL:     10   Next: 12%
MP:   6/16          EV: 15    Int: 27    God:    Vehumet [***...]
Gold: 307           SH:  0    Dex: 19    Spells: 11/17 levels left

rFire   + . .      SeeInvis .    C - +7 short sword "Vuxep" {pain, rF+ Int+3 Dex+7}
rCold   . . .      Faith    .    (no shield)
rNeg    . . .      Spirit   .    (helmet restricted)
rPois   .          Reflect  .    (no amulet)
rElec   .          Harm     .    f - +6 ring of intelligence
rCorr   .          Rampage  .    g - ring of willpower
Will    +....                    (no ring)
Stlth   ++++......               (no ring)
HPRegen 0.30/turn                (no ring)
MPRegen 0.15/turn                (no ring)
                                 (no ring)
                                 (no ring)

@: very slightly contaminated, hasted, lightly drained, very quick
A: almost no armour, amphibious, 8 rings, camouflage 1, gelatinous body 1,
(nimble swimmer 1), tentacles
a: Renounce Religion


You were on level 8 of the Dungeon.
You worshipped Vehumet.
Vehumet was most pleased with you.
You visited 1 branch of the dungeon, and saw 8 of its levels.
You also visited: Sewer and Ossuary.

You collected 406 gold pieces.
You spent 99 gold pieces at shops.

Inventory:

Hand Weapons
 d - a +4 scimitar of electrocution
 n - a +0 dagger
 C - the +7 short sword "Vuxep" (weapon) {pain, rF+ Int+3 Dex+7}
   (You found it on level 7 of the Dungeon)

   In the hands of one skilled in necromantic magic, it inflicts extra damage on
   living creatures.
   Int:       It affects your intelligence (+3).
   Dex:       It affects your dexterity (+7).
   rF:        It protects you from fire.
Missiles
 s - 2 throwing nets
Jewellery
 a - an amulet of faith
 f - a +6 ring of intelligence (left tentacle)
 g - a ring of willpower (right tentacle)
 B - a ring of ice
Wands
 b - a wand of flame (15) (quivered)
 c - a wand of charming (15)
 t - a wand of mindburst (4)
 v - a wand of polymorph (1)
Scrolls
 j - a scroll of amnesia
 o - 2 scrolls of enchant armour
 y - 3 scrolls of magic mapping
Potions
 e - 2 potions of haste {@q3}
 h - a potion of lignification
 i - 2 potions of magic {unknown}
 k - 4 potions of might
 m - 3 potions of attraction {unknown}
 p - 5 potions of brilliance {unknown}
 q - 2 potions of curing {unknown}
 r - 3 potions of degeneration {unknown}
 u - a potion of mutation {unknown}
 w - 4 potions of ambrosia {unknown}
 x - a potion of invisibility {unknown}
 D - a potion of berserk rage
 E - a potion of resistance {unknown}


   Skills:
 + Level 5.6 Fighting
 + Level 4.2 Dodging
 - Level 2.9 Stealth
 - Level 4.3 Spellcasting
 - Level 5.7 Summonings
 + Level 5.2 Transmutations
 - Level 5.6 Ice Magic
 + Level 6.4 Poison Magic
 - Level 3.2 Evocations


You had 11 spell levels left.
You knew the following spells:

 Your Spells              Type           Power      Damage    Failure   Level
a - Summon Ice Beast      Ice/Summ       36%        N/A       8%          4
b - Poisonous Vapours     Pois/Air       46%        N/A       1%          2

Your spell library contained the following spells:

 Spells                   Type           Power      Damage    Failure   Level
 Wereblood                Tmut           34%        N/A       1%          2
 Static Discharge         Conj/Air       10%        2-3/arc   3%          2
 Sublimation of Blood     Necr           5%         N/A       12%         2
 Vhi's Electric Charge    Tloc/Air       10%        N/A       24%         3
 Eringya's Noxious Bog    Tmut/Pois      18%        N/A       26%         6
 Arcjolt                  Conj/Air       2%         1d12      45%         5
 Lightning Bolt           Conj/Air       2%         1d14      45%         5
 Summon Mana Viper        Hex/Summ       21%        N/A       54%         5
 Animate Dead             Necr           5%         N/A       61%         4
 Dispel Undead            Necr           5%         3d7       61%         4
 Monstrous Menagerie      Summ           18%        N/A       99%         7
 Summon Hydra             Summ           18%        N/A       99%         7
 Maxwell's Capacitive Co  Air            2%         ∞         100%        8


Dungeon Overview and Level Annotations

Branches:
Dungeon (8/15)             Temple (0/1) D:5           Sewer (visited)
Ossuary (visited)
   Lair: D:8-11

Altars:
Uskayaw
Vehumet
Wu Jian

Shops:
D:1 *!(   D:7 [

Annotations:
D:1 1 transporter
D:8 Erica


Innate Abilities, Weirdness & Mutations

You cannot wear most types of armour.
You are amphibious.
You can wear up to eight rings at the same time.
Your skin changes colour to match your surroundings (Stealth+).
Your rubbery body absorbs attacks. (AC +1, EV +1)
((You are camouflaged when in or above water. (Stealth+)))
You have tentacles for arms and can constrict up to eight enemies at once.


Message History

The nameless horror hits you.
* * * LOW HITPOINT WARNING * * *
The wight misses you.
The centaur hums to itself desperately, trying to keep calm.
Cornered, the centaur turns to fight!
Unknown command.
Unknown command.
Unknown command.
Unknown command.
Unknown command.
Unknown command.
Unknown command.
Unknown command.
Unknown command.
Unknown command.
Unknown command.
Unknown command.
Unknown command.
Unknown command.
Unknown command.
Unknown command.
Unknown command.
Unknown command.
Unknown command.
Unknown command.
Unknown command.
Unknown command.
Unknown command.
Unknown command.
Unknown command.
Unknown command.
You feel much better.
The centaur wields a +0 shortbow.
The centaur shoots an arrow.
The arrow completely misses you. The nameless horror barely misses you.
The wight hits you with a +4 short sword of freezing!
* * * LOW HITPOINT WARNING * * *
The wight freezes you.
* * * LOW HITPOINT WARNING * * *
You feel yourself speed up.
The centaur shoots an arrow.
The arrow hits you!
You die...

#>...## #.......
#.#####...........o
#######' #.# #............
#.. #.# #......≈.y.y. #..
..# #............ #.. #..
#......$.y... #..
#...≈..≈..≈.. ######..
#....z....... #....#..
#...X@....... #....##'
#......≈..... #....##.
#............ #....##'
#............ #.......
#c........... ####....
############## #.... #.#
#.....## #....
#.#######..############
####'#....................


You could see a nameless horror, a centaur, 3 killer bees, a wight and an orc
(fleeing).

Vanquished Creatures
  Maggie (D:6)
  A wyvern (D:8)
  A steam dragon (D:7)
  Edmund (D:6)
  A water moccasin (D:5)
  2 black bears
  2 ice beasts (D:7)
  A sky beast (D:7)
  An ogre (D:4)
  A centaur (D:7)
  A phantom (D:4)
  A bullfrog (D:8)
  3 scorpions
  5 water moccasin zombies (Ossuary)
  5 wights (D:8)
  A killer bee (D:7)
  An orc priest (D:5)
  A hound (D:6)
  A gnoll bouda (D:4)
  4 orc wizards
  2 mummies (Ossuary)
  8 gnolls
  4 adders
  A river rat (D:6)
  2 white imps
  An ufetubus (D:5)
  3 adder zombies (Ossuary)
  A dart slug (D:3)
  5 worms
  7 orcs
  3 bats
  4 endoplasms
  8 giant cockroaches
  6 goblins
  8 hobgoblins
  4 jackals (D:3)
  5 kobolds
  2 quokkas
  3 ball pythons
  3 frilled lizards
  2 gnoll zombies (Ossuary)
  2 hobgoblin zombies (Ossuary)
  5 kobold zombies (Ossuary)
  4 orc zombies (Ossuary)
  4 rats
132 creatures vanquished.

Vanquished Creatures (collateral kills)
  Pargi (Sewer)
  2 sky beasts (D:7)
  An orc warrior (D:7)
  A black bear (D:7)
  A water moccasin zombie (Ossuary)
  2 wights (D:8)
  2 killer bees (D:7)
  A gnoll bouda (D:5)
  An orc priest (D:7)
  An iguana (D:5)
  An orc wizard (D:5)
  7 gnolls
  2 adder zombies (Ossuary)
  10 orcs
  2 ball pythons
  2 gnoll zombies (Ossuary)
  A hobgoblin zombie (Ossuary)
  2 kobold zombies (Ossuary)
40 creatures vanquished.

Vanquished Creatures (others)
  A white imp (D:7)
1 creature vanquished.

Grand Total: 173 creatures vanquished

Notes
Turn   | Place    | Note
-------+----------+-------------------------------------------
     0 | D:1      | freelancePsychic the Octopode Artificer began the quest for
                  | the Orb.
     0 | D:1      | Reached XP level 1. HP: 13/13 MP: 1/1
    58 | D:1      | Found Guwiwn's General Store.
   246 | D:1      | Found Yveiwe Rinei's Antique Weapon Shoppe.
   255 | D:1      | Reached XP level 2. HP: 18/18 MP: 2/2
   633 | D:1      | Found Qugic's Distillery.
   641 | D:1      | Bought a potion of might for 44 gold pieces
   641 | D:1      | Bought a potion of heal wounds for 55 gold pieces
  1075 | D:2      | Reached XP level 3. HP: 23/23 MP: 3/3
  1119 | D:2      | Reached skill level 1 in Summonings
  1119 | D:2      | Reached skill level 1 in Ice Magic
  1181 | D:2      | Found an ornate altar of the Wu Jian Council.
  1913 | D:3      | Reached XP level 4. HP: 15/28 MP: 5/5
  1993 | D:3      | Learned a level 4 spell: Summon Ice Beast
  2429 | D:3      | Found a hide-covered altar of Uskayaw.
  2434 | D:3      | Found a radiant altar of Vehumet.
  2512 | D:3      | Became a worshipper of Vehumet
  2820 | D:4      | Reached XP level 5. HP: 29/33 MP: 6/6
  2927 | D:4      | Noticed a black bear
  2933 | D:4      | Noticed an ogre
  2940 | D:4      | Killed a black bear
  2941 | D:4      | Reached XP level 6. HP: 12/38 MP: 7/7
  3427 | D:4      | Reached XP level 7. HP: 22/43 MP: 5/8
  3711 | D:4      | Reached skill level 1 in Spellcasting
  3726 | D:5      | Entered Level 5 of the Dungeon
  3889 | D:5      | Reached skill level 5 in Summonings
  3889 | D:5      | Reached skill level 5 in Ice Magic
  4133 | D:5      | Found a staircase to the Ecumenical Temple.
  4247 | D:5      | Reached * piety under Vehumet
  4247 | D:5      | Offered knowledge of Shock by Vehumet.
  4250 | D:5      | Reached XP level 8. HP: 32/48 MP: 1/11
  5162 | D:6      | Got the Papyrus of the Viperous Undead
  5263 | D:6      | Found a glowing drain.
  5271 | Sewer    | Entered a sewer
  5319 | Sewer    | Noticed Pargi
  5325 | Sewer    | Killed Pargi
  5326 | Sewer    | Reached skill level 1 in Poison Magic
  5505 | D:6      | Found a sand-covered staircase.
  5514 | Ossuary  | Entered an ossuary
  5534 | Ossuary  | Reached skill level 1 in Transmutations
  5700 | Ossuary  | Reached skill level 2 in Poison Magic
  5747 | Ossuary  | Reached ** piety under Vehumet
  5747 | Ossuary  | Offered knowledge of Freeze by Vehumet.
  5923 | Ossuary  | Reached skill level 3 in Poison Magic
  6118 | D:6      | Learned a level 2 spell: Poisonous Vapours
  6393 | D:6      | Noticed Edmund
  6394 | D:6      | Noticed Maggie
  6424 | D:6      | Killed Edmund
  6425 | D:6      | Reached XP level 9. HP: 57/57 MP: 5/14
  6502 | D:6      | HP: 1/57 [Maggie/+4 scimitar of flaming (8)]
  6506 | D:6      | Killed Maggie
  6507 | D:6      | Reached skill level 4 in Poison Magic
  6845 | D:7      | Offered knowledge of Static Discharge by Vehumet.
  7181 | D:7      | Identified the +7 short sword "Vuxep" {pain, rF+ Int+3
                  | Dex+7}
  7389 | D:7      | Reached skill level 5 in Poison Magic
  8469 | D:7      | Reached skill level 5 in Fighting
  8689 | D:7      | Reached *** piety under Vehumet
  8793 | D:7      | Found Qoam's Antique Armour Shop.
  9334 | D:8      | Reached skill level 6 in Poison Magic
  9591 | D:8      | Reached XP level 10. HP: 48/66 MP: 14/16
  9657 | D:8      | Reached skill level 5 in Transmutations
 10076 | D:8      | Noticed Erica
 10092 | D:8      | HP: 2/64 [nameless horror[miscasting Summon Ice Beast] (5)]
 10094 | D:8      | Shot with an arrow by a centaur

Illustrated notes

Levels and vault maps discovered:
D:1:      spicycebolla_arrival_risky_transporter, layout_basic, serial_shops,
          shop, shop_coins, nicolae_shop_crystal
D:2:      layout_basic, basic_altar, kennysheep_generic_room_4
D:3:      layout_loops_ring, mainiacjoe_overflow_big_doors
D:4:      layout_cave_pools, serial_glass, glass_columns_a, glass_columns_c,
          glass_columns_b, glass_columns_a, glass_columns_b, glass_columns_a
D:5:      layout_basic, minmay_temple_entry_statues_pillars,
          kennysheep_generic_room_11
D:6:      layout_loops_cross, lightli_sewer_entry_pipes, enter_ossuary_1,
          uniq_edmund, uniq_maggie
D:7:      layout_basic, serial_shops, nicolae_shop_advertising_works
          [nicolae_subvault_shop_adworks], serial_co_window_serial,
          co_window_of_opportunity_a, co_window_of_opportunity_a,
          co_window_paths_a, co_window_corner_a, co_window_corner_a,
          co_window_paths_a, co_window_broadway_c, co_window_corner_b,
          co_window_unsneaky_path_a, co_window_of_opportunity_c,
          co_window_2corner, co_window_paths_c, co_window_of_opportunity_b,
          co_window_sun, glass_columns_a, glass_columns_b, glass_columns_b,
          glass_columns_a, kennysheep_generic_room_12
D:8:      layout_basic, lair_entry_dummy, kennysheep_generic_room_2, uniq_erica

Skill      XL: |  1  2  3  4  5  6  7  8  9 10 |
---------------+-------------------------------+-----
Stealth        | 2 |  2.9
Summonings     | 1 2 3 4 5 |  5.7
Ice Magic      | 1 2 3 4 5 |  5.6
Spellcasting   | 2 3 4 |  4.3
Fighting       | 3 5 |  5.6
Poison Magic   | 3 6 |  6.4
Transmutations | 2 4 5 |  5.2
Dodging        | 3 4 |  4.2
Evocations     | |  3.2

Action                   |  1- 3 |  4- 6 |  7- 9 | 10-12 || total
-------------------------+-------+-------+-------+-------++-------
Melee: Club              |    28 |       |       |       ||    28
       Constrict         |    16 |    20 |    35 |     2 ||    73
       Tentacles         |    16 |    26 |    45 |     3 ||    90
       Dagger            |    49 |    78 |    54 |       ||   181
       Punch             |       |     2 |     2 |       ||     4
       Scimitar          |       |       |    79 |       ||    79
       Short sword       |       |       |    37 |    17 ||    54
 Cast: Summon Ice Beast  |       |     2 |    25 |     6 ||    33
       Poisonous Vapours |       |       |    40 |       ||    40
Evoke: Wand              |       |    13 |    15 |       ||    28
  Use: Scroll            |     4 |     3 |     8 |     3 ||    18
       Potion            |       |       |     4 |     2 ||     6
 Stab: Sleeping          |    10 |     5 |    16 |       ||    31
Armor: Skin              |     5 |     8 |    26 |     1 ||    40
Dodge: Dodged            |    40 |    62 |   168 |    20 ||   290

Table legend: (Time is in decaauts)
 A = Elapsed time spent in this place.
 B = Non-inter-level travel time spent in this place.
 C = Inter-level travel time spent in this place.
 D = Time resting spent in this place.
 E = Time spent auto-exploring this place.
 F = Levels seen in this place.
 G = Mean time per level.
                   A        B        C        D        E       F      G
               +--------+--------+--------+--------+--------+-----+--------+
         Total |  10134 |   9936 |    198 |    416 |   7646 |  10 | 1013.4 |
       Dungeon |   9527 |   9329 |    198 |    416 |   7309 |   8 | 1190.9 |
         Sewer |    127 |    127 |      0 |      0 |      0 |   1 |  127.0 |
       Ossuary |    480 |    480 |      0 |      0 |    337 |   1 |  480.0 |
               +--------+--------+--------+--------+--------+-----+--------+

Top non-repeatable levels by time:
     D:7: 2421 daAuts
     D:5: 1318 daAuts
     D:3: 1237 daAuts
     D:6: 1186 daAuts
     D:2: 910 daAuts
     D:8: 863 daAuts
     D:4: 811 daAuts
     D:1: 778 daAuts
 Ossuary: 480 daAuts
   Sewer: 127 daAuts
